 Dungeon Crawl Stone Soup version 0.28-a0-537-g3bccd9ccbf (webtiles) character file.

Game seed: 4055746150430621945

15 timneilson the Covered (level 2, 0/19 HPs)
             Began as a Gargoyle Fighter on Sept 28, 2021.
             Frozen to death by an endoplasm (5 damage)
             ... on level 1 of the Dungeon.
             The game lasted 00:00:43 (321 turns).

timneilson the Covered (Gargoyle Fighter)            Turns: 321, Time: 00:00:44

Health: 0/19       AC:  9    Str: 19    XL:     2   Next: 50%
Magic:  2/2        EV:  9    Int:  8    God:
Gold:   23         SH:  4    Dex:  9    Spells: 1/1 levels left

rFire   . . .      SeeInvis .   a - +0 long sword
rCold   . . .      Faith    .   c - +0 buckler
rNeg    + . .      Spirit   .   b - +0 scale mail
rPois   ∞          Reflect  .   (no helmet)
rElec   +          Harm     .   (no cloak)
rCorr   .          Rampage  .   (no gloves)
Will    .....                   (no boots)
Stlth   ..........              (no amulet)
HPRegen 0.06/turn               (no ring)
MPRegen 0.08/turn               (no ring)

@: no status effects
A: sickness immunity, AC +2, negative energy resistance 1, electricity
resistance, torment resistance 1, petrification resistance
a: no special abilities


You were on level 1 of the Dungeon.
You visited 1 branch of the dungeon, and saw 1 of its levels.

You collected 23 gold pieces.

Inventory:

Hand Weapons
 a - a +0 long sword (weapon)
Armour
 b - a +0 scale mail (worn)
 c - a +0 buckler (worn)
Scrolls
 e - a scroll of fear {unknown}
 f - a scroll of noise {unknown}
Potions
 d - a potion of might


   Skills:
 + Level 3.3 Fighting
 * Level 2.1 Long Blades
 * Level 3.5 Armour
 + Level 0.2 Dodging
 * Level 3.5 Shields


You had one spell level left.
You didn't know any spells.
Your spell library contained the following spells:

 Spells                   Type           Power      Damage    Failure   Level
 Animate Skeleton         Necr           0%         N/A       80%         1


Dungeon Overview and Level Annotations

Branches:
Dungeon (1/15)

Altars:


Innate Abilities, Weirdness & Mutations

You are immune to sickness and miasma.
Your stone body is resilient. (AC +2)
You are immune to poison.
You resist negative energy. (rN+)
You are resistant to electric shocks. (rElec)
You are resistant to unholy torment.
You are immune to petrification.


Message History

The jackal is heavily wounded.
The jackal bites you but does no damage. x2
You hit the jackal.
The jackal is almost dead.
The jackal barely misses you. x2
You barely miss the jackal.
The jackal is almost dead.
The jackal bites you but does no damage.
You block the jackal's attack.
You hit the jackal but do no damage.
The jackal is almost dead.
The jackal bites you.
* * * LOW HITPOINT WARNING * * *
You block the jackal's attack.
You miss the jackal.
The jackal is severely wounded.
The jackal bites you but does no damage.
You closely miss the jackal.
The jackal is severely wounded.
The jackal bites you but does no damage. x2
You slash the jackal!
You kill the jackal!
The jackal bites you but does no damage.
You barely miss the jackal.
The jackal bites you but does no damage. x2
You hit the jackal.
The jackal is heavily wounded.
The jackal bites you but does no damage.
You hit the jackal.
You kill the jackal!
The jackal stops to sniff the ground.
You hit the endoplasm.
The endoplasm is severely wounded.
The endoplasm barely misses you.
The endoplasm hits you but does no damage.
You hit the endoplasm.
The endoplasm is almost dead.
The endoplasm freezes you.
You are frozen.
You die...

#.#.###...... ..#
#.#.#......##...#
#.#.........#...###
####.#.#..............
+......+...........#
#.....#J.J........# ...
#...h.#.....!...# ...
#...#.####......# ..
#...#.hJ@.........
#.###..(#####.........# #.#.....#
#.....#.... #
##.##...#.#.#####.........####. .
...............................
######.....#######............#
......................##......###
######.#.........###..........##.
#####†#.[.........#.............


You could see an endoplasm and a jackal.

Vanquished Creatures
  A dart slug (D:1)
  A bat (D:1)
  An endoplasm (D:1)
  A giant cockroach (D:1)
  3 goblins (D:1)
  2 jackals (D:1)
  A kobold (D:1)
10 creatures vanquished.

Notes
Turn   | Place    | Note
-------+----------+-------------------------------------------
     0 | D:1      | timneilson the Gargoyle Fighter began the quest for the
                  | Orb.
     0 | D:1      | Reached XP level 1. HP: 14/14 MP: 1/1
    36 | D:1      | Found a faded altar of an unknown god.
    40 | D:1      | Got Plato's Disquisition on Black Rites
   110 | D:1      | Reached XP level 2. HP: 11/19 MP: 2/2
   321 | D:1      | Frozen to death by an endoplasm

Illustrated notes

Levels and vault maps discovered:
D:1:      dpeg_arrival_water_temple_mockup, layout_basic,
          shapermc_ecumenical_altar_rom_forum, serial_shops, shop

Skill      XL: |  1 |
---------------+----+-----
Long Blades    | 2 |  2.1
Fighting       | |  3.3
Armour         | |  3.5
Dodging        | |  0.2
Shields        | |  3.5

Action                   || total
-------------------------++-------
Melee: Long sword        ||    45
Armor: Scale mail        ||    39
Dodge: Dodged            ||    30
Block: Buckler           ||    16

Table legend: (Time is in decaauts)
 A = Elapsed time spent in this place.
 B = Non-inter-level travel time spent in this place.
 C = Inter-level travel time spent in this place.
 D = Time resting spent in this place.
 E = Time spent auto-exploring this place.
 F = Levels seen in this place.
 G = Mean time per level.
                   A        B        C        D        E       F      G
               +--------+--------+--------+--------+--------+-----+--------+
         Total |    334 |    334 |      0 |      0 |    219 |   1 |  334.0 |
       Dungeon |    334 |    334 |      0 |      0 |    219 |   1 |  334.0 |
               +--------+--------+--------+--------+--------+-----+--------+

Top non-repeatable levels by time:
     D:1: 334 daAuts
